MLB
ATLANTA BRAVES @ NEW YORK METS
06/30/2019
 
TOP OF THE 1ST
Atlanta Braves batting - Pitching for New York Mets : RHP Jack Flaherty
Pitching: RHP Jack Flaherty
Batting: LHB Mallex Smith 0-0: DOUBLE (Line Drive, 7LM, EV 89.4 MPH)
Batting: RHB Ian Desmond 0-0: Foul Ball, location: 2F
0-1: SINGLE (Groundball, 56D, EV 99.4 MPH)
Mallex Smith to third
Runner from 3rd tries for Home, throw by LF and OUT! 7-2
Batting: RHB Miguel Sano 0-0: Ball
1-0: Swinging Strike
1-1: Called Strike
1-2: Fielders Choice at 2nd, 1-6 (Groundball, 13S, EV 66.3 MPH)
Batting: LHB Lucas Duda 0-0: Ball
1-0: Ball
2-0: Foul Ball, location: 2F
2-1: Called Strike
2-2: Strikes out swinging
Top of the 1st over - 0 runs, 2 hits, 0 errors, 1 left on base; Atlanta 0 - New York 0
BOTTOM OF THE 1ST
New York Mets batting - Pitching for Atlanta Braves : RHP Robert Stephenson
Pitching: RHP Robert Stephenson
Batting: LHB Travis Shaw 0-0: Foul Ball, location: 2F
0-1: Called Strike
0-2: Ball
1-2: Strikes out looking
Batting: LHB Mitch Moreland 0-0: Foul Ball, location: 2F
0-1: Called Strike
0-2: Foul Ball, location: 2F
0-2: Ball
1-2: Strikes out swinging
Batting: LHB Eddie Rosario 0-0: DOUBLE (Line Drive, 78D, EV 106.9 MPH)
Batting: LHB Scott Schebler 0-0: Swinging Strike
0-1: Foul Ball, location: 2F
0-2: Strikes out looking
Bottom of the 1st over - 0 runs, 1 hit, 0 errors, 1 left on base; Atlanta 0 - New York 0
TOP OF THE 2ND
Atlanta Braves batting - Pitching for New York Mets : RHP Jack Flaherty
Batting: RHB Domingo Santana 0-0: Called Strike
0-1: Foul Ball, location: 2F
0-2: Ball
1-2: Ball
2-2: Ground out 1-3 (Groundball, 13, EV 88.8 MPH)
Batting: RHB Adeiny Hechavarria 0-0: Fly out, F8 (Line Drive, 8RD, EV 83.8 MPH)
Batting: RHB Pat Valaika 0-0: Called Strike
0-1: Ground out 5-3 (Groundball, 56, EV 87.5 MPH)
Top of the 2nd over - 0 runs, 0 hits, 0 errors, 0 left on base; Atlanta 0 - New York 0
BOTTOM OF THE 2ND
New York Mets batting - Pitching for Atlanta Braves : RHP Robert Stephenson
Batting: RHB Salvador Perez 0-0: Ball
1-0: Fly out, F3 (Popup, 23F, EV 90.6 MPH)
Batting: LHB Gerardo Parra 0-0: Ball
1-0: Ball
2-0: Swinging Strike
2-1: Foul Ball, location: 2F
2-2: Ground out 4-3 (Groundball, 4M, EV 88.8 MPH)
Batting: RHB Nick Ahmed 0-0: Called Strike
0-1: Swinging Strike
0-2: Ball
1-2: Strikes out swinging
Bottom of the 2nd over - 0 runs, 0 hits, 0 errors, 0 left on base; Atlanta 0 - New York 0
TOP OF THE 3RD
Atlanta Braves batting - Pitching for New York Mets : RHP Jack Flaherty
Batting: RHB Jorge Alfaro 0-0: SINGLE (Line Drive, 89S, EV 98.1 MPH)
Batting: RHB Robert Stephenson 0-0: Sac Bunt to 2R - play at second, runner OUT! 2-6
Batting: LHB Mallex Smith 0-0: Ball
1-0: Foul Ball, location: 2F
1-1: Foul Ball, location: 2F
1-2: Fly out, F1 (Line Drive, P, EV 67.5 MPH)
Lined into DP, 1-3 (Line Drive, P, EV 70.0 MPH)
Top of the 3rd over - 0 runs, 1 hit, 0 errors, 0 left on base; Atlanta 0 - New York 0
BOTTOM OF THE 3RD
New York Mets batting - Pitching for Atlanta Braves : RHP Robert Stephenson
Batting: SHB Jonathan Villar 0-0: Foul Ball, location: 2F
0-1: Fly out, F7 (Flyball, 7D, EV 106.9 MPH)
Batting: RHB Jack Flaherty 0-0: Ball
1-0: Ball
2-0: Ball
3-0: Base on Balls
Batting: LHB Travis Shaw 0-0: Ball
1-0: Ball
2-0: Ball
3-0: Called Strike
3-1: Foul Ball, location: 2F
3-2: Foul Ball, location: 2F
3-2: Base on Balls
Jack Flaherty to second
Batting: LHB Mitch Moreland 0-0: Foul Ball, location: 2F
0-1: Ball
1-1: Foul Ball, location: 2F
1-2: Ball
2-2: Foul Ball, location: 2F
2-2: Ball
3-2: Base on Balls
Jack Flaherty to third
Travis Shaw to second
Batting: LHB Eddie Rosario 0-0: Ball
1-0: SINGLE (Groundball, 4, EV 105.6 MPH) (infield hit)
Jack Flaherty scores
Travis Shaw to third
Mitch Moreland to second
Batting: LHB Scott Schebler 0-0: Ball
1-0: Ball
2-0: Foul Ball, location: 2F
2-1: SINGLE (Line Drive, 8RS, EV 93.1 MPH)
Travis Shaw scores
Mitch Moreland to third
Eddie Rosario to second
Runner from 3rd tries for Home, throw by CF and OUT! 8-2
Batting: RHB Salvador Perez 0-0: Called Strike
0-1: Foul Ball, location: 2F
0-2: 3-RUN HOME RUN (Flyball, 9D, EV 97.5 MPH), Distance : 401 ft
Batting: LHB Gerardo Parra 0-0: Ball
1-0: Swinging Strike
1-1: Swinging Strike
1-2: Ball
2-2: Foul Ball, location: 2F
2-2: Ball
3-2: Ground out 4-3 (Groundball, 34D, EV 94.4 MPH)
Bottom of the 3rd over - 5 runs, 3 hits, 0 errors, 0 left on base; Atlanta 0 - New York 5
TOP OF THE 4TH
Atlanta Braves batting - Pitching for New York Mets : RHP Jack Flaherty
Batting: RHB Ian Desmond 0-0: Hit by Pitch
Batting: RHB Miguel Sano 0-0: Called Strike
0-1: Ball
1-1: Called Strike
1-2: Ball
Ian Desmond steals 2nd base
2-2: Ball
3-2: Fly out, F7 (Flyball, 7LS, EV 86.9 MPH)
Batting: LHB Lucas Duda 0-0: Called Strike
0-1: Ball
1-1: Ball
2-1: Ball
3-1: Foul Ball, location: 2F
3-2: Foul Ball, location: 2F
3-2: Foul Ball, location: 2F
3-2: Strikes out swinging
Batting: RHB Domingo Santana 0-0: Ball
1-0: Called Strike
1-1: Foul Ball, location: 2F
1-2: Ball
2-2: Fly out, F9 (Flyball, 9LM, EV 104.4 MPH)
Top of the 4th over - 0 runs, 0 hits, 0 errors, 1 left on base; Atlanta 0 - New York 5
BOTTOM OF THE 4TH
New York Mets batting - Pitching for Atlanta Braves : RHP Robert Stephenson
Pitching: RHP Ivan Nova
Batting: RHB Nick Ahmed 0-0: Ground out 1-3 (Groundball, 13S, EV 72.5 MPH)
Batting: SHB Jonathan Villar 0-0: Ball
1-0: Ball
2-0: Ball
3-0: Base on Balls
Batting: RHB Jack Flaherty 0-0: Called Strike
0-1: Sac Bunt to 13 - play at first, batter OUT! 1-4
Jonathan Villar to second
Batting: LHB Travis Shaw 0-0: Swinging Strike
0-1: Ball
1-1: Ground out 4-3 (Groundball, 4, EV 86.3 MPH)
Bottom of the 4th over - 0 runs, 0 hits, 0 errors, 1 left on base; Atlanta 0 - New York 5
TOP OF THE 5TH
Atlanta Braves batting - Pitching for New York Mets : RHP Jack Flaherty
Batting: RHB Adeiny Hechavarria 0-0: Called Strike
0-1: Ball
1-1: Ball
2-1: DOUBLE (Groundball, 5L, EV 104.4 MPH)
Batting: RHB Pat Valaika 0-0: Called Strike
0-1: Swinging Strike
0-2: SINGLE (Groundball, 6, EV 109.4 MPH) (infield hit)
Adeiny Hechavarria to third
Batting: RHB Jorge Alfaro 0-0: Swinging Strike
0-1: Ball
1-1: Called Strike
1-2: DOUBLE (Line Drive, 9LM, EV 111.9 MPH)
Adeiny Hechavarria scores
Pat Valaika to third
Runner from 3rd tries for Home, SAFE, no throw by RF
Batting: RHB Ivan Nova 0-0: Sac Bunt to P - play at first, batter OUT! 1-4
Jorge Alfaro to third
Batting: LHB Mallex Smith 0-0: Ball
1-0: SINGLE (Line Drive, 4D, EV 101.3 MPH)
Jorge Alfaro scores
Batting: RHB Ian Desmond 0-0: Ball
Mallex Smith steals 2nd base
1-0: Called Strike
1-1: Ground out 1-3 (Groundball, 15S, EV 69.4 MPH)
Batting: RHB Miguel Sano 0-0: Called Strike
0-1: Swinging Strike
0-2: Ball
1-2: Strikes out swinging
Top of the 5th over - 3 runs, 4 hits, 0 errors, 1 left on base; Atlanta 3 - New York 5
BOTTOM OF THE 5TH
New York Mets batting - Pitching for Atlanta Braves : RHP Ivan Nova
Batting: LHB Mitch Moreland 0-0: Called Strike
0-1: Ball
1-1: Foul Ball, location: 2F
1-2: Ball
2-2: Strikes out swinging
Batting: LHB Eddie Rosario 0-0: Called Strike
0-1: Ground out 6-3 (Groundball, 6, EV 87.5 MPH)
Batting: LHB Scott Schebler 0-0: Ball
1-0: Ball
2-0: Swinging Strike
2-1: Called Strike
2-2: Strikes out looking
Bottom of the 5th over - 0 runs, 0 hits, 0 errors, 0 left on base; Atlanta 3 - New York 5
TOP OF THE 6TH
Atlanta Braves batting - Pitching for New York Mets : RHP Jack Flaherty
Batting: LHB Lucas Duda 0-0: Foul Ball, location: 2F
0-1: Foul Ball, location: 2F
0-2: Strikes out swinging
Batting: RHB Domingo Santana 0-0: Ball
1-0: Ball
2-0: Called Strike
2-1: Ball
3-1: Called Strike
3-2: Foul Ball, location: 2F
3-2: Foul Ball, location: 2F
3-2: SINGLE (Line Drive, 8RS, EV 88.1 MPH)
Batting: RHB Adeiny Hechavarria 0-0: SINGLE (Line Drive, 56D, EV 100.0 MPH)
Domingo Santana to second
Batting: RHB Pat Valaika 0-0: Ball
1-0: Called Strike
1-1: Fly out, F7 (Flyball, 7LSF, EV 92.5 MPH)
Batting: RHB Jorge Alfaro 0-0: Foul Ball, location: 2F
0-1: Ball
1-1: Foul Ball, location: 2F
1-2: Foul Ball, location: 2F
1-2: Ball
2-2: Strikes out looking
Top of the 6th over - 0 runs, 2 hits, 0 errors, 2 left on base; Atlanta 3 - New York 5
BOTTOM OF THE 6TH
New York Mets batting - Pitching for Atlanta Braves : RHP Ivan Nova
Batting: RHB Salvador Perez 0-0: Swinging Strike
0-1: Ball
1-1: Foul Ball, location: 2F
1-2: SINGLE (Groundball, 56D, EV 101.3 MPH)
Batting: LHB Gerardo Parra 0-0: Ball
1-0: Foul Ball, location: 2F
1-1: Ball
2-1: Foul Ball, location: 2F
2-2: Fly out, F8 (Flyball, 78M, EV 88.8 MPH)
Batting: RHB Nick Ahmed 0-0: Called Strike
0-1: Foul Ball, location: 2F
0-2: Foul Ball, location: 2F
0-2: Ball
1-2: Fly out, F8 (Flyball, 8LXD, EV 97.5 MPH)
Batting: SHB Jonathan Villar 0-0: Ball
1-0: Ball
2-0: Called Strike
2-1: Foul Ball, location: 2F
2-2: Ball
3-2: Foul Ball, location: 2F
3-2: Foul Ball, location: 2F
3-2: Base on Balls
Salvador Perez to second
Pinch Hitting: RHB Ronny Rodriguez 0-0: Ball
1-0: Swinging Strike
1-1: Ball
2-1: Foul Ball, location: 2F
2-2: Foul Ball, location: 2F
2-2: Foul Ball, location: 2F
2-2: SINGLE (Groundball, 56D, EV 96.3 MPH)
Salvador Perez to third
Jonathan Villar to second
Pitching: RHP Frankie Montas
Now at C: John Ryan Murphy
Batting: LHB Travis Shaw 0-0: Foul Ball, location: 2F
0-1: Ball
1-1: Ground out 4-3 (Groundball, 4, EV 104.4 MPH)
Bottom of the 6th over - 0 runs, 2 hits, 0 errors, 3 left on base; Atlanta 3 - New York 5
TOP OF THE 7TH
Atlanta Braves batting - Pitching for New York Mets : RHP Jack Flaherty
Pitching: LHP Amir Garrett
Batting: RHB John Ryan Murphy 0-0: Called Strike
0-1: Called Strike
0-2: Strikes out swinging
Batting: LHB Mallex Smith 0-0: Ball
1-0: Foul Ball, location: 2F
1-1: Ball
2-1: DOUBLE (Line Drive, 7LD, EV 104.4 MPH)
Batting: RHB Ian Desmond 0-0: Ground out U3 (Groundball, 3, EV 85.6 MPH)
Mallex Smith to third
Batting: RHB Miguel Sano 0-0: Called Strike
0-1: Ball
1-1: Ball
2-1: Called Strike
2-2: Ball
3-2: Base on Balls
Pinch Hitting: RHB Matt Davidson 0-0: Called Strike
0-1: Called Strike
0-2: Ball
1-2: Ball
2-2: Ball
3-2: Foul Ball, location: 2F
3-2: Strikes out looking
Top of the 7th over - 0 runs, 1 hit, 0 errors, 2 left on base; Atlanta 3 - New York 5
BOTTOM OF THE 7TH
New York Mets batting - Pitching for Atlanta Braves : RHP Frankie Montas
Now at 1B: Matt Davidson
Batting: LHB Mitch Moreland 0-0: Ground out 4-3 (Groundball, 34, EV 85.6 MPH)
Batting: LHB Eddie Rosario 0-0: Foul Ball, location: 2F
0-1: Ball
1-1: Ball
2-1: Called Strike
2-2: DOUBLE (Groundball, 3L, EV 101.9 MPH)
Batting: LHB Scott Schebler 0-0: Intentional Walk
Batting: RHB Salvador Perez 0-0: SINGLE (Groundball, 56, EV 85.6 MPH) (infield hit)
Eddie Rosario to third
Scott Schebler to second
Batting: LHB Gerardo Parra 0-0: Called Strike
0-1: Foul Ball, location: 2F
0-2: SINGLE (Groundball, 4, EV 100.6 MPH) (infield hit)
Eddie Rosario scores
Scott Schebler to third
Salvador Perez to second
Pitching: RHP Matt Wisler
Batting: RHB Nick Ahmed 0-0: Ball
1-0: Ball
2-0: Foul Ball, location: 2F
2-1: Ball
3-1: Fly out, F5 (Popup, 5S, EV 77.5 MPH)
Batting: SHB Jonathan Villar 0-0: Ball
1-0: Ball
2-0: Ball
3-0: Base on Balls
Scott Schebler scores
Salvador Perez to third
Gerardo Parra to second
Pinch Hitting: SHB Ian Happ 0-0: Ball
1-0: Called Strike
1-1: Foul Ball, location: 2F
1-2: Fly out, F5 (Popup, 5SF, EV 68.1 MPH)
Bottom of the 7th over - 2 runs, 3 hits, 0 errors, 3 left on base; Atlanta 3 - New York 7
TOP OF THE 8TH
Atlanta Braves batting - Pitching for New York Mets : LHP Amir Garrett
Pitching: RHP Eric Hanhold
Batting: RHB Domingo Santana 0-0: Ball
1-0: Ball
2-0: Swinging Strike
2-1: Foul Ball, location: 2F
2-2: DOUBLE (Groundball, 5L, EV 110.0 MPH)
Batting: RHB Adeiny Hechavarria 0-0: Called Strike
0-1: Ball
1-1: Foul Ball, location: 2F
1-2: Fly out, F4 (Line Drive, 4, EV 74.4 MPH)
Batting: RHB Pat Valaika 0-0: Ball
1-0: SINGLE (Groundball, 56D, EV 95.6 MPH)
Domingo Santana to third
Pinch Hitting: SHB Robbie Grossman 0-0: Fly out, F9 (Flyball, 9S, EV 86.9 MPH)
Batting: RHB John Ryan Murphy 0-0: Ground out 4-3 (Groundball, 4, EV 86.9 MPH)
Top of the 8th over - 0 runs, 2 hits, 0 errors, 2 left on base; Atlanta 3 - New York 7
BOTTOM OF THE 8TH
New York Mets batting - Pitching for Atlanta Braves : RHP Matt Wisler
Pitching: LHP Drew Pomeranz
Batting: LHB Travis Shaw 0-0: Ball
1-0: Foul Ball, location: 2F
1-1: Ball
2-1: Swinging Strike
2-2: Ball
3-2: Ground out U3 (Groundball, 3, EV 106.3 MPH)
Batting: LHB Mitch Moreland 0-0: Called Strike
0-1: Reached on error, E4 (Groundball, 34, EV 83.1 MPH)
Batting: LHB Eddie Rosario 0-0: Called Strike
0-1: Swinging Strike
0-2: Strikes out swinging
Batting: LHB Scott Schebler 0-0: Called Strike
0-1: Swinging Strike
0-2: 2-RUN HOME RUN (Flyball, 89XD, EV 104.4 MPH), Distance : 407 ft
Batting: RHB Salvador Perez 0-0: Called Strike
0-1: Foul Ball, location: 2F
0-2: Fly out, F7 (Flyball, 78D, EV 104.4 MPH)
Bottom of the 8th over - 2 runs, 1 hit, 1 error, 0 left on base; Atlanta 3 - New York 9
TOP OF THE 9TH
Atlanta Braves batting - Pitching for New York Mets : RHP Eric Hanhold
Batting: LHB Mallex Smith 0-0: Called Strike
0-1: Ball
1-1: Foul Ball, location: 2F
1-2: Ball
2-2: Foul Ball, location: 2F
2-2: Foul Ball, location: 2F
2-2: Strikes out swinging
Batting: RHB Ian Desmond 0-0: Ball
1-0: Called Strike
1-1: Swinging Strike
1-2: Strikes out swinging
Batting: RHB Miguel Sano 0-0: Called Strike
0-1: Swinging Strike
0-2: Strikes out swinging
Top of the 9th over - 0 runs, 0 hits, 0 errors, 0 left on base; Atlanta 3 - New York 9
Wednesday, October 2nd, 2019 - OOTP Baseball 20.6 Build 55